Map: Frozen Temple

Players

Lilbow

  • Race: Protoss Protoss

Neeb - Winner!

  • Race: Protoss Protoss

Event: DreamHack Open Tours WCS Spring Championship

VOD

Have the link to the VOD?

Description

Time

  • Played on: May 14, 2016, 6:07 a.m.
  • Length: 26:09

All games in this series

Show
View Real Time Build Order
Export as new Build Order

Lilbow Protoss 

Build Orders: Phoenix Opening 

Get SALT Encoding   

  12  0:00  Probe (Chrono Boost)  
  13  0:11  Probe (Chrono Boost)  
  14  0:17  Pylon  
  14  0:22  Probe (Chrono Boost)  
  15  0:36  Probe (Chrono Boost), Gateway  
  15  0:41  Assimilator  
  16  0:46  Probe (Chrono Boost)  
  18  0:57  Probe (Chrono Boost)  
  18  0:58  Assimilator  
  18  1:07  Probe (Chrono Boost), Gateway  
  19  1:18  Probe (Chrono Boost)  
  20  1:24  Cybernetics Core  
  20  1:28  Probe (Chrono Boost)  
  21  1:35  Pylon  
  21  1:39  Probe (Chrono Boost)  
  22  1:49  Probe (Chrono Boost)  
  23  2:00  Stalker (Chrono Boost)  
  23  2:01  Warp Gate (Chrono Boost)  
  27  2:02  Stalker (Chrono Boost)  
  27  2:08  Mothership Core (Chrono Boost)  
  29  2:15  Pylon  
  29  2:29  Sentry (Chrono Boost)  
  31  2:33  Probe  
  34  2:44  Sentry (Chrono Boost)  
  34  2:46  Probe  
  35  2:53  Nexus  
  35  2:58  Probe  
  36  3:03  Pylon  
  36  3:10  Probe  
  37  3:19  Robotics Facility  
  37  3:22  Probe  
  38  3:31  Phoenix  
  38  3:34  Probe  
  39  3:47  Probe (Chrono Boost)  
  40  3:53  Stalker  
  40  3:54  Stalker  
  44  3:58  Probe (Chrono Boost)  
  45  4:07  Observer  
  45  4:08  Probe x2 (Chrono Boost)  
  48  4:13  Phoenix  
  48  4:18  Probe (Chrono Boost)  
  48  4:19  Probe (Chrono Boost)  
  50  4:24  Pylon  
  50  4:28  Immortal  
  50  4:29  Probe (Chrono Boost)  
  50  4:31  Probe (Chrono Boost), Assimilator  
  56  4:35  Twilight Council  
  56  4:39  Probe (Chrono Boost)  
  56  4:42  Probe (Chrono Boost), Sentry  
  60  4:47  Assimilator  
  60  4:50  Probe (Chrono Boost)  
  60  4:52  Probe (Chrono Boost)  
  62  4:57  Forge  
  62  4:58  Pylon  
  62  5:00  Probe (Chrono Boost)  
  62  5:03  Probe (Chrono Boost)  
  62  5:04  Blink  
  62  5:05  Sentry  
  66  5:11  Probe (Chrono Boost)  
  67  5:16  Immortal (Chrono Boost)  
  71  5:22  Probe  
  71  5:28  Phoenix  
  72  5:29  Protoss Ground Weapons Level 1  
  72  5:39  Pylon  
  72  5:41  Stalker x2  
  76  5:50  Nexus  
  76  5:51  Pylon  
  76  6:00  Immortal (Chrono Boost)  
  76  6:03  Probe x2  
  82  6:14  Stalker  
  82  6:15  Probe x2, Stalker  
  82  6:17  Phoenix  
  88  6:27  Probe x2, Pylon  
  90  6:34  Immortal (Chrono Boost)  
  94  6:45  Probe x2  
  94  6:46  Stalker x2  
  100  6:50  Gateway  
  100  6:52  Gateway  
  100  6:57  Probe x2  
  106  7:09  Immortal (Chrono Boost), Probe  
  106  7:10  Adept x2  
  111  7:17  Gateway  
  111  7:23  Gateway  
  111  7:27  Protoss Ground Weapons Level 2  
  111  7:32  Stalker  
  111  7:33  Stalker  
  111  7:37  Pylon  
  111  7:42  Warp Prism (Chrono Boost)  
  113  7:49  Stalker  
  113  7:50  Stalker  
  117  7:52  Pylon x2  
  117  7:58  Stalker x2  
  121  8:13  Stalker x2  
  121  8:19  Stalker x2  
  129  8:24  Stalker x2  
  129  8:26  Gateway  
  133  8:27  Pylon  
  133  8:29  Pylon  
  133  8:42  Stalker  
  133  8:43  Stalker x3  
  141  8:51  Stalker x2  
  133  9:11  Stalker x2  
  133  9:12  Stalker x2  
  133  9:14  Stalker  
  133  9:15  Stalker  
  143  9:31  Stalker  
  113  9:39  Stalker  
  113  9:40  Stalker x5  
Show
View Real Time Build Order
Export as new Build Order

Neeb Protoss - Winner!

Build Orders:  

Get SALT Encoding   

  12  0:00  Probe (Chrono Boost)  
  13  0:11  Probe (Chrono Boost)  
  14  0:18  Pylon  
  14  0:22  Probe (Chrono Boost)  
  15  0:36  Probe (Chrono Boost), Gateway  
  16  0:46  Probe (Chrono Boost)  
  16  0:48  Assimilator  
  17  0:50  Assimilator  
  17  0:57  Probe (Chrono Boost)  
  18  1:08  Probe (Chrono Boost), Gateway  
  20  1:18  Probe (Chrono Boost)  
  20  1:23  Cybernetics Core  
  20  1:29  Probe (Chrono Boost)  
  21  1:37  Pylon  
  21  1:39  Probe (Chrono Boost)  
  22  1:50  Probe (Chrono Boost)  
  23  2:00  Warp Gate (Chrono Boost), Adept x2  
  27  2:01  Probe (Chrono Boost)  
  28  2:13  Mothership Core (Chrono Boost)  
  28  2:15  Pylon  
  30  2:33  Stalker x2  
  34  2:57  Nexus  
  34  3:03  Sentry x2  
  38  3:14  Pylon  
  38  3:21  Robotics Facility  
  38  3:24  Probe  
  39  3:36  Probe (Chrono Boost)  
  40  3:48  Probe (Chrono Boost)  
  41  3:58  Twilight Council  
  41  3:59  Probe (Chrono Boost)  
  42  4:09  Probe (Chrono Boost)  
  44  4:10  Probe (Chrono Boost)  
  44  4:15  Observer  
  45  4:20  Probe x2 (Chrono Boost)  
  45  4:24  Blink (Chrono Boost)  
  47  4:30  Probe x2 (Chrono Boost)  
  49  4:31  Forge  
  49  4:33  Immortal  
  53  4:41  Probe  
  53  4:42  Probe, Pylon  
  55  4:54  Probe x2  
  55  4:57  Gateway  
  55  4:58  Pylon  
  57  5:04  Protoss Ground Weapons Level 1 (Chrono Boost)  
  57  5:06  Probe x2  
  59  5:09  Assimilator  
  59  5:13  Immortal  
  63  5:18  Probe x2  
  65  5:21  Assimilator  
  65  5:25  Pylon  
  65  5:28  Sentry  
  67  5:30  Probe x2  
  69  5:42  Probe x2  
  69  5:53  Immortal  
  69  5:54  Probe  
  74  5:57  Nexus  
  74  5:59  Probe  
  74  6:02  Sentry  
  74  6:03  Sentry  
  79  6:14  Gateway  
  79  6:15  Gateway  
  79  6:19  Gateway  
  79  6:20  Pylon  
  79  6:23  Sentry  
  81  6:25  Pylon  
  81  6:29  Sentry  
  81  6:30  Stalker  
  85  6:38  Warp Prism  
  88  6:40  Probe x2  
  88  6:42  Protoss Ground Weapons Level 2 (Chrono Boost)  
  87  6:47  Stalker  
  87  6:53  Pylon  
  89  7:01  Stalker  
  89  7:02  Stalker  
  93  7:14  Stalker x3  
  99  7:18  Stalker  
  101  7:39  Stalker x5  
  101  7:44  Pylon  
  111  7:45  Stalker  
  111  7:46  Probe x3  
  116  8:00  Probe  
  116  8:01  Probe  
  116  8:05  Assimilator, Robotics Bay  
  118  8:06  Probe, Assimilator  
  118  8:07  Immortal (Chrono Boost)  
  123  8:14  Probe x2  
  123  8:18  Probe  
  126  8:23  Stalker x2  
  126  8:24  Stalker  
  132  8:31  Stalker  
  132  8:35  Pylon x2  
  132  8:53  Disruptor (Chrono Boost), Pylon x2, Stalker  
  132  8:54  Stalker x2  
  141  9:00  Stalker  
  141  9:01  Stalker  
  141  9:15  Stalker  
  143  9:17  Stalker x2  
  147  9:24  Disruptor (Chrono Boost)  
  147  9:27  Stalker x3  
  140  9:41  Stalker x3  
  130  9:52  Stalker x2  
  118  9:53  Stalker  
  120  9:55  Disruptor (Chrono Boost)  

Tags
 
Add a new tag
Caveats
  • Supply blocks, unpowered buildings, or Contaminate may cause inaccurate times.
  • Supply counts are checked every 10 seconds.